Map: Ever Dream LE

Players

INnoVation - Winner!

  • Race: Terran Terran
  • League: Grandmaster
  • Spawn Location: 7:00

JinairRogue (Rogue)

  • Race: Zerg Zerg
  • Spawn Location: 1:00

Event: DreamHack SC2 Masters 2020 Fall

VOD

Have the link to the VOD?

Description

Time

  • Played on: Sept. 19, 2020, 9:58 a.m.
  • Length: 12:19

All games in this series

Show
View Real Time Build Order
Export as new Build Order

INnoVation Terran - Winner!

Build Orders: Reaper Expand 

Get SALT Encoding   

  12  0:00  SCV  
  13  0:12  SCV  
  14  0:17  Supply Depot  
  14  0:24  SCV  
  15  0:38  SCV  
  15  0:40  Barracks  
  16  0:43  Refinery  
  16  0:50  SCV  
  17  1:02  SCV  
  18  1:14  SCV  
  19  1:27  Orbital Command, Reaper  
  20  1:39  Command Center  
  20  1:49  Supply Depot  
  20  1:52  SCV  
  21  1:58  Marine  
  22  2:04  SCV  
  23  2:13  Factory  
  23  2:16  SCV, Marine  
  25  2:29  SCV  
  26  2:35  Barracks Reactor  
  26  2:41  SCV  
  26  2:44  Command Center  
  27  2:50  Orbital Command  
  27  2:53  SCV  
  28  3:00  Starport  
  28  3:06  Refinery, SCV  
  29  3:14  Hellion  
  29  3:17  Hellion  
  33  3:20  SCV  
  33  3:22  SCV  
  35  3:32  SCV  
  35  3:34  SCV  
  37  3:36  Hellion  
  37  3:37  Starport Tech Lab  
  37  3:38  Hellion  
  41  3:46  SCV x2  
  43  3:55  Orbital Command  
  43  3:57  Raven  
  43  3:58  Hellion  
  43  4:00  Hellion, SCV x2  
  51  4:05  Barracks Tech Lab  
  51  4:07  Supply Depot  
  51  4:12  SCV x2  
  53  4:21  SCV  
  54  4:24  SCV  
  54  4:25  Stimpack, Marine  
  54  4:29  Barracks, SCV  
  54  4:30  Barracks  
  56  4:33  Factory Reactor, Supply Depot  
  56  4:37  SCV x2  
  58  4:41  SCV  
  58  4:42  Marine  
  60  4:47  Engineering Bay  
  60  4:49  Engineering Bay  
  60  4:50  Engineering Bay  
  60  4:51  SCV x2  
  62  4:53  SCV, Starport Reactor  
  62  4:55  Refinery  
  62  4:58  Refinery  
  63  5:00  Marine  
  63  5:04  SCV x2  
  63  5:05  SCV, Supply Depot  
  67  5:16  SCV x2, Terran Infantry Weapons Level 1  
  67  5:17  SCV  
  67  5:18  Marine x3  
  67  5:19  Factory Reactor  
  73  5:23  Barracks  
  73  5:25  Barracks  
  73  5:27  Orbital Command  
  73  5:30  SCV x2  
  73  5:32  Marine x2  
  75  5:35  Marine x2  
  75  5:36  Medivac x2, Marine  
  75  5:37  Supply Depot  
  75  5:40  Missile Turret  
  82  5:45  Missile Turret x2, Terran Infantry Armor Level 1  
  82  5:49  Missile Turret  
  82  5:50  SCV x2  
  82  5:55  Marine  
  85  5:57  Supply Depot  
  85  5:58  Marine x2  
  85  5:59  Marine  
  85  6:01  Marine  
  89  6:04  Combat Shield, Widow Mine  
  89  6:05  Widow Mine  
  93  6:15  Supply Depot  
  93  6:17  Supply Depot, Barracks Reactor x2  
  93  6:18  Marine  
  93  6:19  SCV x3, Marine x4  
  93  6:25  Barracks Reactor  
  101  6:31  SCV  
  101  6:32  SCV  
  101  6:36  Medivac x2, Widow Mine x2  
  101  6:37  SCV, Supply Depot  
  101  6:38  Refinery, Barracks Reactor  
  109  6:41  Supply Depot  
  109  6:43  SCV, Marine  
  109  6:44  SCV, Marine x4  
  116  6:53  SCV  
  111  6:55  SCV  
  111  6:56  SCV  
  111  6:58  Widow Mine x2  
  106  7:01  Marine x3  
  106  7:02  Marine x2  
  106  7:04  Marine x2  
  106  7:06  Medivac  
  101  7:09  Medivac  
  101  7:14  Refinery  
  102  7:17  SCV x3  
  102  7:19  Widow Mine x2, Marine x4  
  102  7:20  Marine  
  102  7:22  Refinery, Marine x2  
  116  7:24  Armory  
  116  7:28  Marine x2  
  115  7:37  Medivac, Marine x5  
  115  7:40  SCV x3  
  115  7:43  Medivac, Supply Depot x2  
  127  7:45  Marine x2  
  127  7:47  Widow Mine  
  127  7:48  Widow Mine  
  133  8:00  Supply Depot  
  133  8:04  Marine x9  
  142  8:08  Factory  
  142  8:09  Widow Mine  
  142  8:10  Widow Mine  
  146  8:19  Medivac x2  
  142  8:22  Marine x9  
  140  8:36  Widow Mine x2  
  140  8:40  Marine x9  
  146  8:49  Medivac x2  
  146  8:53  Factory Tech Lab  
  146  8:54  Terran Infantry Weapons Level 2  
  143  8:57  Widow Mine, Marine x5  
  143  8:58  Terran Infantry Armor Level 2, Widow Mine, Marine x4  
  153  9:15  Marine x9  
  149  9:17  Drilling Claws  
  149  9:20  Thor  
  151  9:28  Medivac x2  
  148  9:32  Widow Mine  
  148  9:33  Widow Mine, Marine x4  
  156  9:38  Command Center  
  156  9:42  Supply Depot  
  156  9:43  Terran Vehicle And Ship Armor Level 1, Supply Depot  
  156  9:57  Barracks x2  
  156  9:59  Barracks  
  156  10:00  Medivac  
  156  10:02  Medivac  
  156  10:06  Thor  
  154  10:09  Widow Mine x2  
  154  10:12  Marine x7  
  154  10:13  Marine x2  
  167  10:19  Sensor Tower, Supply Depot  
  167  10:30  Medivac, Widow Mine x2  
  167  10:34  Supply Depot  
  173  10:36  Supply Depot  
  173  10:41  Medivac, Supply Depot, Marine x6  
  181  10:43  Supply Depot  
  181  10:47  Barracks Tech Lab  
  181  10:48  Barracks Tech Lab, Concussive Shells  
  181  10:52  Thor  
  181  10:53  Widow Mine x2  
  181  10:56  Marine x2  
  193  11:04  Medivac  
  193  11:05  Missile Turret  
  193  11:07  Marauder, Marine x3  
  193  11:10  Planetary Fortress  
  198  11:28  Marauder x2  
  198  11:30  Widow Mine x2  
  174  11:33  Medivac  
  174  11:34  Medivac, Marine x10  
  190  11:49  Marine x2  
  190  11:52  Marine x2  
  190  11:53  Marauder  
  200  12:15  Command Center  
Show
View Real Time Build Order
Export as new Build Order

JinairRogue Zerg 

Build Orders: Hatch First, Muta Ling Bane 

Get SALT Encoding   

  12  0:00  Drone  
  13  0:12  Overlord  
  13  0:16  Drone  
  14  0:30  Drone x2  
  16  0:47  Hatchery  
  15  0:50  Drone  
  15  0:54  Drone  
  17  0:57  Drone  
  18  1:08  Extractor  
  17  1:13  Spawning Pool  
  17  1:15  Drone  
  17  1:18  Drone  
  18  1:27  Drone  
  19  1:39  Drone  
  20  1:49  Drone  
  21  1:59  Queen x2  
  21  2:00  Zergling x4  
  27  2:10  Overlord  
  27  2:11  Drone, Metabolic Boost  
  28  2:26  Overlord  
  28  2:29  Drone  
  29  2:32  Drone x2  
  29  2:36  Queen  
  33  2:44  Drone x2  
  35  2:52  Queen  
  35  2:53  Drone x2  
  39  3:04  Overlord  
  39  3:09  Drone x5  
  44  3:13  Lair  
  44  3:16  Extractor  
  44  3:18  Drone  
  44  3:19  Overlord  
  44  3:24  Drone x2  
  46  3:28  Overlord  
  46  3:30  Queen  
  48  3:36  Drone  
  48  3:39  Drone  
  50  3:43  Extractor  
  50  3:44  Drone x2, Extractor  
  50  3:46  Drone x2  
  52  3:55  Hatchery  
  51  3:58  Zergling x2  
  51  3:59  Zergling x2  
  51  4:02  Drone x2  
  55  4:05  Drone  
  55  4:06  Drone  
  57  4:17  Spire  
  57  4:21  Drone x3  
  57  4:22  Drone  
  59  4:28  Spine Crawler  
  58  4:33  Zergling x2  
  58  4:34  Overlord  
  58  4:36  Overlord  
  59  4:41  Baneling Nest  
  58  4:46  Zergling x2  
  58  4:51  Overlord  
  59  4:56  Drone x5  
  65  5:05  Drone x3  
  67  5:30  Mutalisk  
  67  5:31  Mutalisk x7  
  67  5:32  Drone x3  
  86  5:37  Drone, Extractor x2  
  86  5:41  Zerg Flyer Weapons Level 1  
  85  5:44  Drone x3  
  85  5:45  Drone, Overlord  
  89  5:56  Centrifical Hooks  
  89  5:58  Drone  
  89  5:59  Hatchery  
  89  6:02  Drone  
  89  6:03  Overlord x2  
  90  6:07  Drone x5  
  95  6:16  Mutalisk  
  95  6:18  Overlord x2  
  97  6:24  Mutalisk x4  
  105  6:29  Mutalisk  
  105  6:30  Evolution Chamber  
  105  6:31  Evolution Chamber  
  105  6:35  Zergling x8  
  109  6:41  Zergling x10  
  114  6:50  Zergling x2  
  114  6:51  Zergling x4  
  105  6:54  Mutalisk x2  
  103  7:05  Mutalisk x3  
  103  7:07  Drone x4  
  103  7:08  Drone x3  
  113  7:13  Mutalisk x2  
  117  7:18  Drone  
  117  7:19  Overlord  
  117  7:20  Overlord  
  117  7:22  Drone x5  
  122  7:32  Zerg Ground Armor Level 1  
  122  7:33  Drone x4, Zerg Melee Weapons Level 1  
  122  7:34  Drone  
  122  7:37  Spore Crawler  
  126  7:40  Zergling x2, Overseer  
  126  7:41  Pneumatized Carapace  
  126  7:43  Zergling x2  
  126  7:44  Zergling x8  
  132  7:46  Baneling x4  
  132  7:47  Baneling x2  
  132  7:54  Zergling x2, Baneling x4  
  132  7:55  Zergling x10  
  138  7:59  Zergling x2  
  139  8:06  Baneling x7  
  139  8:07  Baneling  
  139  8:09  Zergling x2  
  139  8:10  Zergling x8  
  139  8:11  Hatchery  
  143  8:19  Baneling x7  
  135  8:20  Zergling x16  
  135  8:22  Overlord  
  137  8:29  Zergling x2  
  137  8:30  Zergling x12  
  138  8:36  Zergling x10  
  138  8:38  Baneling x8  
  138  8:39  Zergling x2, Baneling x5  
  143  8:48  Zergling x20  
  152  8:53  Baneling x9  
  152  8:54  Zergling x4  
  144  9:02  Baneling x5  
  144  9:07  Zergling x6  
  144  9:13  Zergling x2  
  144  9:16  Baneling x4  
  144  9:17  Zergling x6, Baneling x2  
  137  9:18  Zergling x20  
  137  9:19  Zergling x2  
  137  9:23  Zergling x6  
  137  9:24  Zergling x6  
  154  9:29  Overlord  
  153  9:32  Drone x3  
  153  9:35  Overseer  
  153  9:37  Baneling x5  
  153  9:38  Zerg Melee Weapons Level 2  
  156  9:46  Zerg Ground Armor Level 2  
  156  9:47  Drone  
  156  9:48  Drone x3, Overlord  
  156  9:49  Extractor  
  159  9:56  Zergling x14  
  159  9:57  Overlord  
  159  9:59  Hatchery  
  163  10:06  Drone x6  
  161  10:12  Zergling x16  
  169  10:19  Mutalisk x3  
  169  10:21  Zergling x10  
  176  10:23  Drone  
  176  10:28  Overlord x3  
  181  10:31  Spore Crawler  
  181  10:33  Unknown  
  179  10:40  Overlord  
  175  10:49  Mutalisk x5  
  177  10:52  Zergling x2  
  177  10:53  Zergling x22  
  177  10:56  Infestation Pit  
  196  10:57  Hatchery  
  196  10:59  Overlord  
  196  11:03  Drone  
  196  11:04  Drone x3  
  199  11:08  Baneling  
  199  11:10  Baneling x10  
  199  11:11  Baneling  
  199  11:13  Zergling x2  
  199  11:15  Hatchery  
  199  11:16  Overseer  
  200  11:20  Baneling x4  
  200  11:21  Baneling x3  
  187  11:26  Zergling x10  
  187  11:27  Zergling x12  
  187  11:30  Zergling x18  
  187  11:31  Baneling x5  
  183  11:34  Zergling x4  
  177  11:42  Zergling x14  
  174  11:52  Mutalisk x5  
  175  11:54  Baneling  
  175  11:58  Zergling x10  

Tags
 
Add a new tag
Caveats
  • Supply blocks, unpowered buildings, or Contaminate may cause inaccurate times.
  • Supply counts are checked every 10 seconds.